 Dungeon Crawl Stone Soup version 0.28.0-62-gf88900778d (webtiles) character file.

Game seed: 11687033893310949823

1057 cbfl8 the Chopper (level 8, -1/67 HPs)
             Began as a Minotaur Fighter on June 25, 2023.
             Slain by a bullfrog zombie (5 damage)
             ... on level 5 of the Dungeon.
             The game lasted 00:03:08 (5503 turns).

cbfl8 the Chopper (Minotaur Fighter)                Turns: 5503, Time: 00:03:08

Health: -1/67      AC: -1    Str: 21    XL:     8   Next: 6%
Magic:  7/7        EV:  8    Int:  5    God:
Gold:   236        SH:  6    Dex: 12    Spells: 7/7 levels left

rFire   . . .      SeeInvis .   a - +1 war axe (venom)
rCold   . . .      Faith    .   c - +1 buckler
rNeg    . . .      Spirit   .   f - +0 chain mail
rPois   .          Reflect  .   (helmet restricted)
rElec   .          Harm     .   (no cloak)
rCorr   .          Rampage  .   (no gloves)
Will    .....                   (no boots)
Stlth   ..........              (no amulet)
HPRegen 0.21/turn               (no ring)
MPRegen 0.10/turn               (no ring)

@: corroded, hasted, very quick
A: horns 2, retaliatory headbutt
a: no special abilities


You were on level 5 of the Dungeon.
You visited 1 branch of the dungeon, and saw 5 of its levels.

You collected 236 gold pieces.

Inventory:

Hand Weapons
 a - a +1 war axe of venom (weapon)
Missiles
 h - a throwing net (quivered)
Armour
 c - a +1 buckler (worn)
 f - a +0 chain mail (worn)
Wands
 j - a wand of flame (13)
 k - a wand of iceblast (6)
Scrolls
 i - a scroll of teleportation
 m - 2 scrolls of blinking
Potions
 d - 2 potions of might
 g - a potion of cancellation {unknown}
 n - a potion of curing {unknown}


   Skills:
 + Level 4.9 Fighting
 + Level 7.2 Axes
 + Level 6.0 Armour
 + Level 1.7 Dodging
 + Level 1.2 Stealth
 + Level 4.8 Shields
 * Level 3.5 Evocations


You had 7 spell levels left.
You didn't know any spells.
Your spell library was empty.

Dungeon Overview and Level Annotations

Branches:
Dungeon (5/15)
 Temple: D:4-7

Altars:
Fedhas
Makhleb
Ru
Yredelemnul
Beogh

Shops:
D:3 =


Innate Abilities, Weirdness & Mutations

You have a pair of horns on your head.
You reflexively headbutt those who attack you in melee.


Message History

The acid corrodes you!
You are splashed with acid!
The iguana barely misses you. The jelly barely misses you.
Unknown command.
You hit the jelly but do no damage.
The jelly looks as sick as possible!
The acid corrodes you!
Your hands burn!
The jelly is severely wounded.
You hit the iguana but do no damage.
The iguana looks as sick as possible!
You kill the jelly!
The iguana completely misses you. You furiously retaliate!
You headbutt the iguana, but do no damage.
You block the iguana's attack.
Your Armour skill increases to level 6!
You closely miss the iguana. You headbutt the iguana.
You kill the iguana!
You barely miss the bullfrog zombie. The bullfrog zombie hits you. x2
The gnoll closely misses you. You furiously retaliate!
You headbutt the gnoll, but do no damage.
Unknown command.
You are too injured to fight recklessly!
Unknown command.
You are too injured to fight recklessly!
You are too injured to fight recklessly!
Unknown command.
You are too injured to fight recklessly!
You hit the gnoll but do no damage. You barely miss the bullfrog zombie.
The bullfrog zombie hits you. The gnoll hits you with a +0 club.
* * * LOW HITPOINT WARNING * * *
You barely miss the gnoll.
You headbutt the gnoll, but do no damage.
You hit the bullfrog zombie but do no damage.
The bullfrog zombie hits you.
* * * LOW HITPOINT WARNING * * *
The gnoll hits you with a +0 club!
* * * LOW HITPOINT WARNING * * *
It was a potion of haste.
You feel yourself speed up. The bullfrog zombie barely misses you.
You furiously retaliate!
You headbutt the bullfrog zombie. The gnoll hits you with a +0 club.
* * * LOW HITPOINT WARNING * * *
The bullfrog zombie hits you.
You die...

......####..###
#........
#8....._###...#
#..###.##
......####...####..#
....###.....<......###.#
..###...##...###.......#
..# ... #..># #..##...#
.## .# #...###..##+#.#
.# ....[.....+ # ##
##...###@.## # .....
#gZ# # ##...# #..# ....
...## ..... .....
.......


You could see a gnoll and a bullfrog zombie.

Vanquished Creatures
  Sigmund (D:4)
  A steam dragon (D:4)
  An ogre (D:4)
  A necrophage (D:3)
  A scorpion (D:5)
  2 vampire bats (D:4)
  A bullfrog zombie (D:5)
  2 jellies
  2 orc priests
  A hound (D:5)
  3 iguanas
  An orc wizard (D:3)
  6 gnolls
  3 adders
  An ufetubus (D:4)
  3 worms
  12 orcs
  2 endoplasms
  A giant cockroach (D:4)
  5 goblins
  6 hobgoblins
  5 jackals
  4 quokkas
  6 ball pythons
  9 bats
  A frilled lizard (D:3)
  4 kobolds
  2 rats (D:3)
87 creatures vanquished.

Vanquished Creatures (others)
  2 plants (D:4)
2 creatures vanquished.

Grand Total: 89 creatures vanquished

Notes
Turn   | Place    | Note
-------+----------+-------------------------------------------
     0 | D:1      | cbfl8 the Minotaur Fighter began the quest for the Orb.
     0 | D:1      | Reached XP level 1. HP: 19/19 MP: 0/0
   308 | D:1      | Found a faded altar of an unknown god.
   341 | D:1      | Reached XP level 2. HP: 27/27 MP: 1/1
  1078 | D:2      | Reached skill level 1 in Evocations
  1507 | D:3      | Reached XP level 3. HP: 29/33 MP: 2/2
  1527 | D:2      | Reached skill level 3 in Axes
  2031 | D:3      | Reached XP level 4. HP: 17/40 MP: 3/3
  2256 | D:3      | Found Lesybei's Jewellery Boutique.
  2846 | D:3      | Noticed a necrophage
  2859 | D:3      | Killed a necrophage
  2860 | D:3      | Reached skill level 4 in Axes
  2860 | D:3      | Reached XP level 5. HP: 30/46 MP: 4/4
  2999 | D:3      | Reached skill level 1 in Dodging
  3740 | D:4      | Reached XP level 6. HP: 52/52 MP: 5/5
  3741 | D:4      | Reached skill level 5 in Axes
  3745 | D:4      | Reached skill level 5 in Armour
  3825 | D:4      | Found a sacrificial altar of Ru.
  3839 | D:4      | Noticed a steam dragon
  3845 | D:4      | Killed a steam dragon
  4188 | D:4      | Reached XP level 7. HP: 60/60 MP: 6/6
  4275 | D:4      | Noticed Sigmund
  4288 | D:4      | Killed Sigmund
  4289 | D:4      | Reached skill level 6 in Axes
  4289 | D:4      | Reached skill level 1 in Stealth
  5243 | D:5      | Entered Level 5 of the Dungeon
  5382 | D:5      | Reached skill level 7 in Axes
  5411 | D:5      | Found a blossoming altar of Fedhas.
  5416 | D:5      | Found a burning altar of Makhleb.
  5422 | D:5      | Found a basalt altar of Yredelemnul.
  5497 | D:5      | Reached XP level 8. HP: 53/67 MP: 7/7
  5503 | D:5      | Slain by a bullfrog zombie

Illustrated notes

Levels and vault maps discovered:
D:1:      lightli_arrival_lavapool, layout_basic,
          shapermc_ecumenical_altar_notcrosses
D:2:      layout_rooms
D:3:      layout_loops_cross, serial_shops, nicolae_shop_statue_plus,
          serial_aquarium, aquarium_bridge_square [aquarium_subvault_bridge,
          aquarium_subvault_window, aquarium_subvault_window,
          aquarium_subvault_wall], aquarium_window_3, aquarium_window_fake,
          aquarium_window_fake, aquarium_window_1, aquarium_view_4,
          aquarium_balcony_double_1, aquarium_pool_2, minivault_25
D:4:      layout_cave_pods, hangedman_ru_absence, serial_forest,
          infiniplex_forest_zigzag_1, infiniplex_forest_fountain,
          infiniplex_forest_clump_small, infiniplex_forest_straight_2,
          infiniplex_forest_zigzag_2, infiniplex_forest_end_1,
          infiniplex_forest_zigzag_1, infiniplex_forest_lined_3,
          roderic_batcave, kennysheep_orc_chapel, uniq_sigmund
D:5:      layout_basic, minmay_overflow_temple_star_quad,
          grunt_temple_overflow_open, minmay_temple_entry_ruins, serial_shops,
          nicolae_shop_behind_doors, nrook_pool_corridor

Skill      XL: |  1  2  3  4  5  6  7  8 |
---------------+-------------------------+-----
Evocations     | 1 2 3 |  3.5
Armour         | 4 5 6 |  6.0
Shields        | 4 |  4.8
Axes           | 3 4 5 7 |  7.2
Fighting       | 4 |  4.9
Dodging        | 1 |  1.7
Stealth        | 1 |  1.2

Action                   |  1- 3 |  4- 6 |  7- 9 || total
-------------------------+-------+-------+-------++-------
Melee: War axe           |    55 |    80 |    65 ||   200
       Headbutt          |    12 |    10 |    20 ||    42
  Use: Scroll            |     5 |     6 |     1 ||    12
       Potion            |       |       |     1 ||     1
Armor: Scale mail        |    25 |    23 |       ||    48
       Chain mail        |       |    25 |    26 ||    51
Dodge: Dodged            |    18 |    41 |    26 ||    85
Block: Buckler           |     7 |    21 |    15 ||    43
